 Dungeon Crawl Stone Soup version 0.21.1-1-g345015fe64 (webtiles) character file.

12 Knicklaso the Grave Robber (level 2, 0/23 HPs)
             Began as a Hill Orc Necromancer on Apr 20, 2018.
             Hit by a tomahawk thrown by a goblin (4 damage)
             ... on level 1 of the Dungeon.
             The game lasted 00:01:45 (667 turns).

Knicklaso the Grave Robber (Hill Orc Necromancer)    Turns: 667, Time: 00:01:45

Health: 0/23       AC:  2    Str: 10    XL:     2   Next: 33%
Magic:  1/4        EV: 12    Int: 15    God:
Gold:   26         SH:  0    Dex: 11    Spells: 2/4 levels left

rFire    . . .     SeeInvis .   e - +0 short sword
rCold    . . .     Gourm    .   (no shield)
rNeg     . . .     Faith    .   a - +0 robe
rPois    .         Spirit   .   (no helmet)
rElec    .         Reflect  .   (no cloak)
rCorr    .         Harm     .   (no gloves)
MR       .....                  (no boots)
Stlth    ++........             (no amulet)
HPRegen  0.07/turn              (no ring)
MPRegen  0.09/turn              (no ring)

@: no status effects
A: no striking features
a: no special abilities


You were on level 1 of the Dungeon.
You were not hungry.

You visited 1 branch of the dungeon, and saw 1 of its levels.

You collected 26 gold pieces.

Inventory:

Hand Weapons
 e - a +0 short sword (weapon)
Armour
 a - a +0 robe (worn)
Scrolls
 d - 2 scrolls of identify {unknown}
Books
 b - a book of Necromancy

   Spells                             Type                      Level
   a - Pain                           Necromancy                   1
   b - Animate Skeleton               Necromancy                   1
   c - Vampiric Draining              Necromancy                   3
   d - Regeneration                   Charms/Necromancy            3
   e - Animate Dead                   Necromancy                   4
   f - Borgnjor's Vile Clutch         Necromancy/Earth             5
Comestibles
 c - a ration
 f - 2 chunks of flesh


   Skills:
 + Level 1.0 Fighting
 - Level 1.5 Dodging
 - Level 1.5 Stealth
 + Level 1.7 Spellcasting
 * Level 4.3 Necromancy


You had 2 spell levels left.
You knew the following spells:

 Your Spells              Type           Power        Failure   Level  Hunger
a - Pain                  Necr           ##..         3%          1    ##.....
b - Animate Skeleton      Necr           N/A          3%          1    ##.....


Dungeon Overview and Level Annotations

Branches:
Dungeon (1/15)

Altars:


Message History

Aiming: Pain
Press: ? - help, Shift-Dir - straight line, f - goblin
Aim: a goblin, wielding a club and wearing a ring mail (chance to defeat MR: 85%)
The goblin writhes in agony!
You barely miss the kobold. The kobold completely misses you.
Your goblin skeleton barely misses the kobold.
You barely miss the kobold. The kobold hits you.
* * * LOW HITPOINT WARNING * * *
Your goblin skeleton closely misses the kobold.
You miss the kobold. The kobold hits you.
* * * LOW HITPOINT WARNING * * *
Your goblin skeleton closely misses the kobold.
The goblin hits something with a club.
Your goblin skeleton misses the kobold.
The goblin hits your goblin skeleton with a club.
Your goblin skeleton hits the goblin but does no damage.
The goblin hits your goblin skeleton with a club.
Your goblin skeleton is destroyed!
The goblin throws a tomahawk.
The tomahawk hits you.
You die...

#)..# # #..#.###..## #
#.#.# #..#.....## #.g.#
#.#.##.## ##.##
##...#..# # #.#
#..#....# # #.#
##.##.#..## #
#g#####.....#...## #
#.......###.#....# #
##.#.##@.........## #
#.#..K...........######
#.####.####............
#.# #.# ##...########
#.# #.# ##.## #.. ..#
#.# ####### ###
########.### #.....#
#.......# #.###.#
#.###.#.#


You could see a goblin and a kobold.

Vanquished Creatures
  A dart slug (D:1)
  A giant cockroach (D:1)
  A goblin (D:1)
  A hobgoblin (D:1)
  A jackal (D:1)
  2 bats (D:1)
  A kobold (D:1)
8 creatures vanquished.

Vanquished Creatures (collateral kills)
  A hobgoblin (D:1)
1 creature vanquished.

Grand Total: 9 creatures vanquished

Notes
Turn   | Place    | Note
-------+----------+-------------------------------------------
     0 | D:1      | Knicklaso the Hill Orc Necromancer began the quest for the Orb.
     0 | D:1      | Reached XP level 1. HP: 14/14 MP: 3/3
    59 | D:1      | Learned a level 1 spell: Animate Skeleton
   286 | D:1      | Reached XP level 2. HP: 19/22 MP: 0/4
   651 | D:1      | Reached skill level 1 in Fighting
   667 | D:1      | Hit by a tomahawk thrown by a goblin

Skill      XL: |  1  2 |
---------------+-------+-----
Fighting       | 1 |  1.0
Dodging        | |  1.5
Stealth        | |  1.5
Spellcasting   | |  1.7
Necromancy     | |  4.3

Action                   || total
-------------------------++-------
Melee: Unarmed           ||     5
       Short sword       ||     7
 Cast: Pain              ||    17
       Animate Skeleton  ||     2
Armor: Robe              ||     2
Dodge: Dodged            ||    11
